WCHLSIM.com - West Coast Hockey League
html PUBLIC "-//W3C//DTD XHTML 1.0 Transitional//EN" "http://www.w3.org/TR/xhtml1/DTD/xhtml1-transitional.dtd"> WCHL - Game 521 - SPOKANE KNIGHTS vs BANFF WOLVES

SPOKANE KNIGHTS vs BANFF WOLVES

Created - 26 janvier 2021 at 20:50

Goals
1 2 3 T
SPOKANE KNIGHTS 0 0 1 1
BANFF WOLVES 0 3 0 3
Shots
1 2 3 T
SPOKANE KNIGHTS 9 9 14 32
BANFF WOLVES 7 7 12 26

1st period

No Goal

Penalties :
No Penalty

2nd period

1. BANFF WOLVES , Kevin Labanc 11 (Trevor van Riemsdyk 3, James van Riemsdyk 13) at 6:08
2. BANFF WOLVES , Jack Eichel 19 (James Neal 22, Miro Heiskanen 16) at 9:03 (PP)
3. BANFF WOLVES , Alex Tuch 9 (Trevor van Riemsdyk 4, Ilya Samsonov) at 16:21

Penalties :
Valeri Nichushkin (SPO) for Holding (Minor) at 8:03

3rd period

4. SPOKANE KNIGHTS , Blake Wheeler 27 (Patrice Bergeron 13, Cale Makar 13) at 11:48

Penalties :
Jamie Oleksiak (BAN) for High sticking (Minor) at 8:39

Goalie Stats

Mike Smith (SPO), 23 saves from 26 shots - (0,885), L, 9-5-2, 60:00 minutes
Ilya Samsonov (BAN), 31 saves from 32 shots - (0,969), W, 8-6-2, 60:00 minutes

Players Stats for SPOKANE KNIGHTS

Player Name              G  A  P  +/- PIM S  H  SB GA TA FO     MP     PP MP  PK MP  
------------------------------------------------------------------------------------
Blake Wheeler            1  0  1   1  0   7  0  0  0  0  0/0    22:00   1:00   0:00 
Cale Makar               0  1  1   0  0   2  1  2  0  0  0/0    24:28   0:59   0:00 
Dan Hamhuis              0  0  0   1  0   0  0  2  0  0  0/0    16:43   0:00   0:00 
Gabriel Bourque          0  0  0  -1  0   0  0  0  0  0  0/0     5:32   0:00   0:00 
Gaetan Haas              0  0  0  -1  0   0  1  0  0  0  5/17   15:17   0:00   0:15 
Garnet Hathaway          0  0  0  -1  0   1  3  0  0  0  0/1     5:32   0:00   0:00 
Jani Hakanpaa            0  0  0   0  0   0  0  0  0  0  0/0     0:20   0:00   0:20 
Jared Spurgeon           0  0  0  -1  0   1  1  1  0  0  0/0    23:20   1:00   0:40 
Justin Abdelkader        0  0  0   0  0   0  2  0  0  0  1/2    11:00   0:50   0:40 
Mario Ferraro            0  0  0   0  0   0  0  0  0  0  0/0    12:12   0:00   0:20 
Matthew Tkachuk          0  0  0   1  0   2  2  0  0  0  0/1    22:14   1:09   0:05 
Nick Foligno             0  0  0  -1  0   1  2  0  0  0  1/2    20:08   0:50   0:40 
Patrice Bergeron         0  1  1   1  0   3  0  0  0  0  15/21  21:50   0:50   0:00 
Patrick Kane             0  0  0  -1  0   10 0  0  0  0  1/2    22:08   1:09   0:00 
Sebastian Aho            0  0  0  -1  0   2  1  0  0  0  7/23   22:08   1:09   0:00 
Tyler Pitlick            0  0  0   0  0   1  0  0  0  0  0/0     9:50   0:00   0:20 
Valeri Nichushkin        0  0  0  -1  2   1  1  0  0  0  0/2    20:58   0:00   0:00 
Victor Hedman            0  0  0  -1  0   1  1  0  0  0  0/0    23:19   0:59   0:40 

Players Stats for BANFF WOLVES

Player Name              G  A  P  +/- PIM S  H  SB GA TA FO     MP     PP MP  PK MP  
------------------------------------------------------------------------------------
Alex Tuch                1  0  1   1  0   3  0  0  0  0  3/4    18:40   0:26   0:00 
Brady Tkachuk            0  0  0   0  0   4  3  0  0  0  1/1    20:10   0:00   1:29 
Jack Eichel              1  0  1   0  0   1  0  0  0  0  10/16  19:37   0:26   0:30 
James Neal               0  1  1   0  0   0  1  0  0  0  3/6     6:51   1:00   0:00 
James van Riemsdyk       0  1  1   0  0   1  0  0  0  0  0/1    14:15   0:00   0:00 
Jamie Oleksiak           0  0  0   2  2   0  0  1  0  0  0/0    18:02   0:34   0:00 
Jason Zucker             0  0  0   1  0   4  1  0  0  0  0/1    18:48   0:34   0:00 
Joel Kellman             0  0  0   0  0   0  1  0  0  0  10/15  14:15   0:00   0:00 
Josh Teves               0  0  0   0  0   0  0  1  0  0  0/0    17:00   0:00   0:53 
Kevin Connauton          0  0  0   0  0   0  2  0  0  0  0/0    16:07   0:00   0:00 
Kevin Labanc             1  0  1   0  0   3  0  0  0  0  0/0    14:15   0:00   0:00 
Mathew Dumba             0  0  0  -1  0   0  4  1  0  0  0/0    24:44   0:26   0:53 
Mike Ferland             0  0  0   0  0   0  1  0  0  0  0/0     5:51   0:00   0:00 
Miles Wood               0  0  0   0  0   1  0  0  0  0  0/0     5:51   0:00   0:00 
Miro Heiskanen           0  1  1  -1  0   5  2  3  0  0  0/0    24:57   0:26   1:06 
Nikita Gusev             0  0  0   0  0   1  0  0  0  0  2/3    19:11   0:00   0:30 
Roope Hintz              0  0  0   1  0   3  0  0  0  0  12/24  20:17   0:34   1:29 
Trevor van Riemsdyk      0  2  2   2  0   0  0  0  0  0  0/0    19:09   0:34   1:06 

3 Stars

1 - Ilya Samsonov (BAN)
2 - Trevor van Riemsdyk (BAN)
3 - Alex Tuch (BAN)

Power Play

SPOKANE KNIGHTS - 0 on 1 Attempt(s) - 0,00%
BANFF WOLVES - 1 on 1 Attempt(s) - 100,00%

Penalty Kill

SPOKANE KNIGHTS - 0 on 1 Attempt(s) - 0,00% - Score 0 goal in Penalty Kill
BANFF WOLVES - 1 on 1 Attempt(s) - 100,00% - Score 0 goal in Penalty Kill

Team Stat

SPOKANE KNIGHTS - Hits : 15 - Faceoff Wins : 30 - Blocked Shots : 5 - Penalty Minutes : 2
BANFF WOLVES - Hits : 15 - Faceoff Wins : 41 - Blocked Shots : 6 - Penalty Minutes : 2

Official

Referees : Furman South and Dave Lewis
Linesman : Scott Driscoll and Shaun Morgan

Game Notes

No Game Note

Finance

Level 1 -- Attendance: 6331 (89,80%) -- Ticket Income 917 995 $
Level 2 -- Attendance: 4126 (69,27%) -- Ticket Income 453 860 $
Level 3 -- Attendance: 2255 (96,37%) -- Ticket Income 135 300 $
Level 4 -- Attendance: 3890 (77,80%) -- Ticket Income 229 510 $
Luxury Box -- Attendance: 961 (90,23%) -- Ticket Income 278 690 $
Game was played at the Rocky Mountains Sports Complex.
Total Attendance: 17563 (82,03%)
Total Ticket Income: 2 015 355 $
Other Expense: 20 154 $
Total Income: 1 995 201 $

SPOKANE KNIGHTS

5 vs 5 Forward 
   Center                   Left Wing                Right Wing               Time % Phy DF OF 
 1 Patrice Bergeron         Matthew Tkachuk          Blake Wheeler            38     1   1  3  
 2 Sebastian Aho            Valeri Nichushkin        Patrick Kane             38     1   1  3  
 3 Gaetan Haas              Justin Abdelkader        Tyler Pitlick            15     1   2  2  
 4 Gaetan Haas              Garnet Hathaway          Gabriel Bourque          9      1   2  2  

5 vs 5 Defense 
   Defense                  Defense                                           Time % Phy DF OF 
 1 Victor Hedman            Jared Spurgeon                                    37     1   2  2  
 2 Nick Foligno             Cale Makar                                        33     1   2  2  
 3 Dan Hamhuis              Mario Ferraro                                     20     1   3  1  
 4 Dan Hamhuis              Cale Makar                                        10     1   3  1  

PowerPlay Forward 
   Center                   Left Wing                Right Wing               Time % Phy DF OF 
 1 Sebastian Aho            Matthew Tkachuk          Patrick Kane             60     1   1  3  
 2 Patrice Bergeron         Nick Foligno             Justin Abdelkader        40     1   1  3  

PowerPlay Defense
   Defense                  Defense                                           Time % Phy DF OF 
 1 Jared Spurgeon           Blake Wheeler                                     60     0   1  4  
 2 Cale Makar               Victor Hedman                                     40     0   1  4  

Penalty Kill 4 Players Forward 
   Center                   Wing                     Time % Phy DF OF 
 1 Nick Foligno             Justin Abdelkader        55     1   3  1  
 2 Gaetan Haas              Valeri Nichushkin        45     1   3  1  

Penalty Kill 4 Players Defense
   Defense                  Defense                  Time % Phy DF OF 
 1 Jared Spurgeon           Victor Hedman            60     1   3  1  
 2 Mario Ferraro            Jani Hakanpaa            40     1   3  1  

Penalty Kill - 3 Players Forward 
   Forward                                           Time % Phy DF OF 
 1 Patrice Bergeron                                  60     0   5  0  
 2 Blake Wheeler                                     40     0   5  0  

Penalty Kill - 3 Players Defense
   Defense                  Defense                  Time % Phy DF OF 
 1 Jared Spurgeon           Victor Hedman            60     0   5  0  
 2 Nick Foligno             Dan Hamhuis              40     0   5  0  

4 vs 4 Forward 
   Center                   Wing                     Time % Phy DF OF 
 1 Patrice Bergeron         Blake Wheeler            50     1   2  2  
 2 Sebastian Aho            Patrick Kane             50     1   2  2  

4 vs 4 Defense
   Defense                  Defense                  Time % Phy DF OF 
 1 Jared Spurgeon           Victor Hedman            60     1   2  2  
 2 Cale Makar               Nick Foligno             40     1   2  2  

Last Minutes Offensive
   Center                   Left Wing                Right Wing               Defense                  Defense                  
   Patrice Bergeron         Matthew Tkachuk          Patrick Kane             Blake Wheeler            Victor Hedman            

Last Minutes Defensive
   Center                   Left Wing                Right Wing               Defense                  Defense                  
   Patrice Bergeron         Nick Foligno             Blake Wheeler            Jared Spurgeon           Victor Hedman            

Goaltenders
Starting : Mike Smith               
Backup : Frederik Andersen        

Extra Forwards
Normal : Tyler Pitlick, Garnet Hathaway, Gabriel Bourque - PP : Patrick Kane, Matthew Tkachuk - PK : Tyler Pitlick
Extra Defensemen
Normal : Dan Hamhuis, Mario Ferraro, Cale Makar - PP : Cale Makar - PK : Mario Ferraro, Cale Makar
Penalty Shots
Blake Wheeler, Patrick Kane, Sebastian Aho, Cale Makar, Matthew Tkachuk
Custom OT Lines Forwards
Patrice Bergeron, Blake Wheeler, Sebastian Aho, Patrick Kane, Nick Foligno, Matthew Tkachuk, Valeri Nichushkin, Justin Abdelkader, Gaetan Haas, Garnet Hathaway
Custom OT Lines Defensemen
Victor Hedman, Jared Spurgeon, Cale Makar, Dan Hamhuis, Mario Ferraro

Scratches
Roman Polak (Bruised Left Foot Injury)

BANFF WOLVES

5 vs 5 Forward 
   Center                   Left Wing                Right Wing               Time % Phy DF OF 
 1 Jack Eichel              Brady Tkachuk            Nikita Gusev             34     0   1  4  
 2 Roope Hintz              Jason Zucker             Alex Tuch                34     0   2  3  
 3 Joel Kellman             James van Riemsdyk       Kevin Labanc             27     1   3  1  
 4 James Neal               Miles Wood               Mike Ferland             5      0   3  2  

5 vs 5 Defense 
   Defense                  Defense                                           Time % Phy DF OF 
 1 Miro Heiskanen           Mathew Dumba                                      36     0   1  4  
 2 Jamie Oleksiak           Trevor van Riemsdyk                               31     1   2  2  
 3 Josh Teves               Kevin Connauton                                   23     1   2  2  
 4 Miro Heiskanen           Mathew Dumba                                      10     1   2  2  

PowerPlay Forward 
   Center                   Left Wing                Right Wing               Time % Phy DF OF 
 1 Jack Eichel              James Neal               Jason Zucker             55     0   0  5  
 2 Roope Hintz              Brady Tkachuk            Nikita Gusev             45     0   0  5  

PowerPlay Defense
   Defense                  Defense                                           Time % Phy DF OF 
 1 Miro Heiskanen           Mathew Dumba                                      55     0   2  3  
 2 Jamie Oleksiak           Trevor van Riemsdyk                               45     0   2  3  

Penalty Kill 4 Players Forward 
   Center                   Wing                     Time % Phy DF OF 
 1 Roope Hintz              Brady Tkachuk            55     2   3  0  
 2 Jack Eichel              Nikita Gusev             45     3   2  0  

Penalty Kill 4 Players Defense
   Defense                  Defense                  Time % Phy DF OF 
 1 Miro Heiskanen           Trevor van Riemsdyk      55     2   3  0  
 2 Jamie Oleksiak           Josh Teves               45     1   4  0  

Penalty Kill - 3 Players Forward 
   Forward                                           Time % Phy DF OF 
 1 Brady Tkachuk                                     55     1   4  0  
 2 Jack Eichel                                       45     1   4  0  

Penalty Kill - 3 Players Defense
   Defense                  Defense                  Time % Phy DF OF 
 1 Josh Teves               Mathew Dumba             55     1   4  0  
 2 Jamie Oleksiak           Trevor van Riemsdyk      45     1   4  0  

4 vs 4 Forward 
   Center                   Wing                     Time % Phy DF OF 
 1 Jack Eichel              Jason Zucker             55     2   3  0  
 2 Roope Hintz              Brady Tkachuk            45     2   3  0  

4 vs 4 Defense
   Defense                  Defense                  Time % Phy DF OF 
 1 Jamie Oleksiak           Mathew Dumba             55     1   4  0  
 2 Josh Teves               Trevor van Riemsdyk      45     1   4  0  

Last Minutes Offensive
   Center                   Left Wing                Right Wing               Defense                  Defense                  
   Jack Eichel              James Neal               Nikita Gusev             Miro Heiskanen           Mathew Dumba             

Last Minutes Defensive
   Center                   Left Wing                Right Wing               Defense                  Defense                  
   Jack Eichel              James Neal               Nikita Gusev             Miro Heiskanen           Mathew Dumba             

Goaltenders
Starting : Ilya Samsonov            
Backup : Pavel Francouz           

Extra Forwards
Normal : Jack Eichel, Nikita Gusev, Roope Hintz - PP : Roope Hintz, Nikita Gusev - PK : Roope Hintz
Extra Defensemen
Normal : Mathew Dumba, Kevin Connauton, Jamie Oleksiak - PP : Miro Heiskanen - PK : Mathew Dumba, Miro Heiskanen
Penalty Shots
Kevin Labanc, Jack Eichel, Roope Hintz, Nikita Gusev, James van Riemsdyk
Custom OT Lines Forwards
Jack Eichel, James Neal, Miles Wood, Nikita Gusev, James van Riemsdyk, Kevin Labanc, Roope Hintz, Alex Tuch, Jason Zucker, Joel Kellman
Custom OT Lines Defensemen
Miro Heiskanen, Mathew Dumba, Jamie Oleksiak, Trevor van Riemsdyk, Kevin Connauton

Scratches
Taylor Fedun (Right Hip Injury)

% Time on Ice - SPOKANE KNIGHTS

Lines # - Real PCT - Wanted PCT - Time Play
Normal Forward
1 - 37% - 38% - 21:00
2 - 37% - 38% - 20:59
3 - 17% - 15% - 9:30
4 - 10% - 9% - 5:32
Normal Defense
1 - 38% - 37% - 21:40
2 - 33% - 33% - 18:38
3 - 21% - 20% - 11:52
4 - 9% - 10% - 4:51
PP Forward
1 - 58% - 60% - 1:09
2 - 42% - 40% - 0:50
PP Defense
1 - 50% - 60% - 1:00
2 - 50% - 40% - 0:59
PK Forward
1 - 67% - 55% - 0:40
2 - 33% - 45% - 0:20
PK Defense
1 - 67% - 60% - 0:40
2 - 33% - 40% - 0:20
PK3 Forward
1 - 0% - 60%
2 - 0% - 40%
PK3 Defense
1 - 0% - 60%
2 - 0% - 40%
44 Forward
1 - 0% - 50%
2 - 0% - 50%
44 Defense
1 - 0% - 60%
2 - 0% - 40%
Last Minute Offensive  - 0:00
Last Minute Defensive  - 0:00
Total
Forward - 60:00
Defense - 60:00

% Time on Ice - BANFF WOLVES

Lines # - Real PCT - Wanted PCT - Time Play
Normal Forward
1 - 33% - 34% - 18:41
2 - 32% - 34% - 18:14
3 - 25% - 27% - 14:15
4 - 10% - 5% - 5:51
Normal Defense
1 - 34% - 36% - 19:14
2 - 31% - 31% - 17:29
3 - 28% - 23% - 16:07
4 - 7% - 10% - 4:11
PP Forward
1 - 100% - 55% - 1:00
2 - 0% - 45% - 0:00
PP Defense
1 - 43% - 55% - 0:26
2 - 57% - 45% - 0:34
PK Forward
1 - 75% - 55% - 1:29
2 - 25% - 45% - 0:30
PK Defense
1 - 55% - 55% - 1:06
2 - 45% - 45% - 0:53
PK3 Forward
1 - 0% - 55%
2 - 0% - 45%
PK3 Defense
1 - 0% - 55%
2 - 0% - 45%
44 Forward
1 - 0% - 55%
2 - 0% - 45%
44 Defense
1 - 0% - 55%
2 - 0% - 45%
Last Minute Offensive  - 0:00
Last Minute Defensive  - 0:00
Total
Forward - 60:00
Defense - 60:00

Play-by-Play

1st period


0:01 of 1st period - Jack Eichel wins face-off versus Patrice Bergeron in neutral zone.
0:20 of 1st period - Shot by Jack Eichel.
0:20 of 1st period - Shot Misses the Net.
0:22 of 1st period - Shot by Miro Heiskanen.
0:22 of 1st period - Stopped by Mike Smith without a rebound.
0:23 of 1st period - Roope Hintz wins face-off versus Valeri Nichushkin in SPOKANE KNIGHTS zone.
0:23 of 1st period - Jason Zucker is hit by Nick Foligno and loses puck.
0:32 of 1st period - Shot by Patrick Kane.
0:32 of 1st period - Stopped by Ilya Samsonov without a rebound.
0:33 of 1st period - Joel Kellman wins face-off versus Gaetan Haas in BANFF WOLVES zone.
1:28 of 1st period - Shot by Patrick Kane.
1:28 of 1st period - Stopped by Ilya Samsonov without a rebound.
1:29 of 1st period - Patrice Bergeron wins face-off versus Roope Hintz in BANFF WOLVES zone.
1:47 of 1st period - Shot by Jason Zucker.
1:47 of 1st period - Stopped by Mike Smith without a rebound.
1:48 of 1st period - Jack Eichel wins face-off versus Sebastian Aho in SPOKANE KNIGHTS zone.
1:48 of 1st period - Jack Eichel is hit by Nick Foligno.
2:07 of 1st period - Patrick Kane is hit by Mathew Dumba and loses puck.
2:56 of 1st period - Shot by Roope Hintz.
2:56 of 1st period - Stopped by Mike Smith without a rebound.
2:57 of 1st period - James Neal wins face-off versus Gaetan Haas in SPOKANE KNIGHTS zone.
3:29 of 1st period - James Neal is hit by Garnet Hathaway.
3:54 of 1st period - Shot by Blake Wheeler.
3:54 of 1st period - Shot Misses the Net.
5:02 of 1st period - Shot by Sebastian Aho.
5:02 of 1st period - Stopped by Ilya Samsonov without a rebound.
5:03 of 1st period - Joel Kellman wins face-off versus Gaetan Haas in BANFF WOLVES zone.
5:27 of 1st period - Cale Makar is hit by Joel Kellman and loses puck.
5:38 of 1st period - Shot by James van Riemsdyk.
5:38 of 1st period - Shot Misses the Net.
5:56 of 1st period - Shot by Patrick Kane.
5:56 of 1st period - Stopped by Ilya Samsonov without a rebound.
5:57 of 1st period - Jack Eichel wins face-off versus Sebastian Aho in BANFF WOLVES zone.
7:14 of 1st period - Shot by Patrice Bergeron.
7:14 of 1st period - Shot Misses the Net.
7:16 of 1st period - Shot by Matthew Tkachuk.
7:16 of 1st period - Stopped by Ilya Samsonov without a rebound.
7:17 of 1st period - Patrice Bergeron wins face-off versus Roope Hintz in BANFF WOLVES zone.
7:22 of 1st period - Shot by Patrice Bergeron.
7:22 of 1st period - Shot Misses the Net.
7:26 of 1st period - Shot by Patrice Bergeron.
7:26 of 1st period - Shot Misses the Net.
7:28 of 1st period - Shot by Blake Wheeler.
7:28 of 1st period - Stopped by Ilya Samsonov without a rebound.
7:29 of 1st period - Gaetan Haas wins face-off versus Joel Kellman in BANFF WOLVES zone.
8:31 of 1st period - Shot by Patrice Bergeron.
8:31 of 1st period - Shot Misses the Net.
8:33 of 1st period - Shot by Blake Wheeler.
8:33 of 1st period - Shot Misses the Net.
8:46 of 1st period - Blake Wheeler is hit by Mathew Dumba.
8:52 of 1st period - Shot by Matthew Tkachuk.
8:52 of 1st period - Shot Misses the Net.
8:54 of 1st period - Shot by Blake Wheeler.
8:54 of 1st period - Stopped by Ilya Samsonov without a rebound.
8:55 of 1st period - Nikita Gusev wins face-off versus Sebastian Aho in BANFF WOLVES zone.
9:36 of 1st period - Shot by Nikita Gusev.
9:36 of 1st period - Stopped by Mike Smith without a rebound.
9:37 of 1st period - Gaetan Haas wins face-off versus Jason Zucker in SPOKANE KNIGHTS zone.
9:37 of 1st period - Justin Abdelkader is hit by Jason Zucker.
9:45 of 1st period - Shot by Gaetan Haas.
9:45 of 1st period - Deflect By Tyler Pitlick.
9:45 of 1st period - Stopped by Ilya Samsonov with a rebound.
9:48 of 1st period - Tyler Pitlick is hit by Kevin Connauton and loses puck.
10:11 of 1st period - Justin Abdelkader is hit by Kevin Connauton and loses puck.
11:57 of 1st period - Shot by Jack Eichel.
11:57 of 1st period - Shot Blocked by Cale Makar.
12:07 of 1st period - Shot by Nikita Gusev.
12:07 of 1st period - Shot Blocked by Cale Makar.
14:01 of 1st period - Matthew Tkachuk is hit by Mathew Dumba and loses puck.
14:21 of 1st period - Shot by James van Riemsdyk.
14:21 of 1st period - Stopped by Mike Smith without a rebound.
14:22 of 1st period - Jack Eichel wins face-off versus Gaetan Haas in SPOKANE KNIGHTS zone.
14:45 of 1st period - Shot by Brady Tkachuk.
14:45 of 1st period - Deflect By Jack Eichel.
14:45 of 1st period - Shot Misses the Net.
14:47 of 1st period - Shot by Miro Heiskanen.
14:47 of 1st period - Stopped by Mike Smith without a rebound.
14:48 of 1st period - Joel Kellman wins face-off versus Patrice Bergeron in SPOKANE KNIGHTS zone.
16:04 of 1st period - Shot by Brady Tkachuk.
16:04 of 1st period - Shot Misses the Net.
16:36 of 1st period - Shot by Miro Heiskanen.
16:36 of 1st period - Stopped by Mike Smith without a rebound.
16:37 of 1st period - James Neal wins face-off versus Sebastian Aho in SPOKANE KNIGHTS zone.
16:44 of 1st period - Shot by James Neal.
16:44 of 1st period - Deflect By Miles Wood.
16:44 of 1st period - Shot Misses the Net.
17:43 of 1st period - Shot by Blake Wheeler.
17:43 of 1st period - Stopped by Ilya Samsonov with a rebound.
19:00 of 1st period - Nikita Gusev is hit by Valeri Nichushkin and loses puck.
Goals for this period are 0 for SPOKANE KNIGHTS vs 0 for BANFF WOLVES.
Shots for this period are 9 for SPOKANE KNIGHTS vs 7 for BANFF WOLVES.

2nd period


0:01 of 2nd period - Patrick Kane wins face-off versus Roope Hintz in neutral zone.
0:22 of 2nd period - Shot by Alex Tuch.
0:22 of 2nd period - Shot Blocked by Dan Hamhuis.
1:10 of 2nd period - Shot by Patrice Bergeron.
1:10 of 2nd period - Shot Misses the Net.
3:05 of 2nd period - Icing by Jamie Oleksiak.
3:06 of 2nd period - James Neal wins face-off versus Matthew Tkachuk in BANFF WOLVES zone.
3:26 of 2nd period - Shot by James Neal.
3:26 of 2nd period - Deflect By Miles Wood.
3:26 of 2nd period - Stopped by Mike Smith without a rebound.
3:27 of 2nd period - Jack Eichel wins face-off versus Sebastian Aho in SPOKANE KNIGHTS zone.
3:35 of 2nd period - Icing by Victor Hedman.
3:36 of 2nd period - Nikita Gusev wins face-off versus Valeri Nichushkin in SPOKANE KNIGHTS zone.
3:42 of 2nd period - Victor Hedman is hit by Miro Heiskanen and loses puck.
3:47 of 2nd period - Shot by Patrick Kane.
3:47 of 2nd period - Shot Misses the Net.
3:49 of 2nd period - Shot by Jared Spurgeon.
3:49 of 2nd period - Stopped by Ilya Samsonov without a rebound.
3:50 of 2nd period - Patrice Bergeron wins face-off versus Roope Hintz in BANFF WOLVES zone.
5:05 of 2nd period - Shot by Valeri Nichushkin.
5:05 of 2nd period - Stopped by Ilya Samsonov with a rebound.
5:09 of 2nd period - Shot by Victor Hedman.
5:09 of 2nd period - Stopped by Ilya Samsonov without a rebound.
5:10 of 2nd period - Jack Eichel wins face-off versus Gaetan Haas in BANFF WOLVES zone.
5:23 of 2nd period - Shot by Brady Tkachuk.
5:23 of 2nd period - Shot Misses the Net.
5:29 of 2nd period - Shot by Brady Tkachuk.
5:29 of 2nd period - Stopped by Mike Smith without a rebound.
5:30 of 2nd period - Joel Kellman wins face-off versus Patrick Kane in SPOKANE KNIGHTS zone.
5:42 of 2nd period - James van Riemsdyk is hit by Victor Hedman and loses puck.
5:54 of 2nd period - Joel Kellman is hit by Jared Spurgeon and loses puck.
6:06 of 2nd period - Shot by Kevin Labanc.
6:06 of 2nd period - Shot Misses the Net.
6:08 of 2nd period - Shot by Kevin Labanc.
6:08 of 2nd period - Goal by Kevin Labanc - SPOKANE KNIGHTS : 0 - BANFF WOLVES : 1.
6:09 of 2nd period - Patrice Bergeron wins face-off versus Nikita Gusev in neutral zone.
6:30 of 2nd period - Blake Wheeler is hit by Brady Tkachuk and loses puck.
7:14 of 2nd period - Shot by Nick Foligno.
7:14 of 2nd period - Shot Misses the Net.
8:03 of 2nd period - Minor Penalty to Valeri Nichushkin for Holding.
8:04 of 2nd period - Nick Foligno wins face-off versus Roope Hintz in SPOKANE KNIGHTS zone.
8:48 of 2nd period - Icing by James Neal.
8:49 of 2nd period - Jack Eichel wins face-off versus Gaetan Haas in BANFF WOLVES zone.
9:03 of 2nd period - Shot by Jack Eichel.
9:03 of 2nd period - Goal by Jack Eichel - SPOKANE KNIGHTS : 0 - BANFF WOLVES : 2.
9:04 of 2nd period - Sebastian Aho wins face-off versus Joel Kellman in neutral zone.
9:23 of 2nd period - Shot by Patrick Kane.
9:23 of 2nd period - Stopped by Ilya Samsonov without a rebound.
9:24 of 2nd period - Patrice Bergeron wins face-off versus Roope Hintz in BANFF WOLVES zone.
9:29 of 2nd period - Shot by Blake Wheeler.
9:29 of 2nd period - Shot Misses the Net.
9:53 of 2nd period - Shot by Blake Wheeler.
9:53 of 2nd period - Shot Misses the Net.
10:40 of 2nd period - Shot by Kevin Labanc.
10:40 of 2nd period - Shot Misses the Net.
10:42 of 2nd period - Shot by Kevin Labanc.
10:42 of 2nd period - Shot Blocked by Dan Hamhuis.
12:15 of 2nd period - Icing by Blake Wheeler.
12:16 of 2nd period - Patrice Bergeron wins face-off versus Roope Hintz in SPOKANE KNIGHTS zone.
12:18 of 2nd period - Icing by Blake Wheeler.
12:19 of 2nd period - Roope Hintz wins face-off versus Patrice Bergeron in SPOKANE KNIGHTS zone.
12:26 of 2nd period - Shot by Patrice Bergeron.
12:26 of 2nd period - Stopped by Ilya Samsonov without a rebound.
12:27 of 2nd period - Alex Tuch wins face-off versus Patrice Bergeron in BANFF WOLVES zone.
12:46 of 2nd period - Shot by Roope Hintz.
12:46 of 2nd period - Stopped by Mike Smith with a rebound.
13:17 of 2nd period - Shot by Patrick Kane.
13:17 of 2nd period - Stopped by Ilya Samsonov without a rebound.
13:18 of 2nd period - Brady Tkachuk wins face-off versus Sebastian Aho in BANFF WOLVES zone.
13:38 of 2nd period - Off-side.
13:39 of 2nd period - Joel Kellman wins face-off versus Gaetan Haas in neutral zone.
13:39 of 2nd period - Joel Kellman is hit by Gaetan Haas.
15:41 of 2nd period - Nikita Gusev is hit by Matthew Tkachuk and loses puck.
16:21 of 2nd period - Shot by Alex Tuch.
16:21 of 2nd period - Goal by Alex Tuch - SPOKANE KNIGHTS : 0 - BANFF WOLVES : 3.
16:22 of 2nd period - Joel Kellman wins face-off versus Gaetan Haas in neutral zone.
16:30 of 2nd period - Kevin Labanc is hit by Garnet Hathaway and loses puck.
16:42 of 2nd period - Shot by Garnet Hathaway.
16:42 of 2nd period - Stopped by Ilya Samsonov with a rebound.
16:54 of 2nd period - Shot by James van Riemsdyk.
16:54 of 2nd period - Shot Misses the Net.
16:56 of 2nd period - Shot by Kevin Labanc.
16:56 of 2nd period - Stopped by Mike Smith without a rebound.
16:57 of 2nd period - Alex Tuch wins face-off versus Sebastian Aho in SPOKANE KNIGHTS zone.
17:30 of 2nd period - Shot by Sebastian Aho.
17:30 of 2nd period - Deflect By Patrick Kane.
17:30 of 2nd period - Stopped by Ilya Samsonov without a rebound.
17:31 of 2nd period - Patrice Bergeron wins face-off versus James Neal in BANFF WOLVES zone.
18:06 of 2nd period - Shot by Patrice Bergeron.
18:06 of 2nd period - Stopped by Ilya Samsonov without a rebound.
18:07 of 2nd period - Roope Hintz wins face-off versus Sebastian Aho in BANFF WOLVES zone.
19:10 of 2nd period - Shot by Blake Wheeler.
19:10 of 2nd period - Shot Blocked by Miro Heiskanen.
19:12 of 2nd period - Shot by Patrice Bergeron.
19:12 of 2nd period - Shot Blocked by Miro Heiskanen.
19:19 of 2nd period - Icing by Miro Heiskanen.
19:20 of 2nd period - Roope Hintz wins face-off versus Justin Abdelkader in BANFF WOLVES zone.
19:44 of 2nd period - Icing by Tyler Pitlick.
19:45 of 2nd period - Joel Kellman wins face-off versus Gaetan Haas in SPOKANE KNIGHTS zone.
Goals for this period are 0 for SPOKANE KNIGHTS vs 3 for BANFF WOLVES.
Shots for this period are 9 for SPOKANE KNIGHTS vs 7 for BANFF WOLVES.

3rd period


0:01 of 3rd period - Patrice Bergeron wins face-off versus Jack Eichel in neutral zone.
0:22 of 3rd period - Shot by Blake Wheeler.
0:22 of 3rd period - Shot Misses the Net.
0:32 of 3rd period - Shot by Matthew Tkachuk.
0:32 of 3rd period - Stopped by Ilya Samsonov without a rebound.
0:33 of 3rd period - Joel Kellman wins face-off versus Sebastian Aho in BANFF WOLVES zone.
0:40 of 3rd period - Shot by James van Riemsdyk.
0:40 of 3rd period - Deflect By Kevin Labanc.
0:40 of 3rd period - Shot Misses the Net.
1:28 of 3rd period - Off-side.
1:29 of 3rd period - Patrice Bergeron wins face-off versus Jack Eichel in neutral zone.
1:43 of 3rd period - Blake Wheeler is hit by Mathew Dumba and loses puck.
2:07 of 3rd period - Shot by Brady Tkachuk.
2:07 of 3rd period - Shot Misses the Net.
2:09 of 3rd period - Shot by Brady Tkachuk.
2:09 of 3rd period - Shot Misses the Net.
2:11 of 3rd period - Shot by Brady Tkachuk.
2:11 of 3rd period - Stopped by Mike Smith without a rebound.
2:12 of 3rd period - Gaetan Haas wins face-off versus Alex Tuch in SPOKANE KNIGHTS zone.
2:27 of 3rd period - Shot by Roope Hintz.
2:27 of 3rd period - Shot Misses the Net.
2:29 of 3rd period - Shot by Jason Zucker.
2:29 of 3rd period - Shot Misses the Net.
2:31 of 3rd period - Shot by Roope Hintz.
2:31 of 3rd period - Shot Misses the Net.
2:37 of 3rd period - Shot by Jason Zucker.
2:37 of 3rd period - Stopped by Mike Smith without a rebound.
2:38 of 3rd period - Sebastian Aho wins face-off versus James Neal in SPOKANE KNIGHTS zone.
3:03 of 3rd period - Shot by Valeri Nichushkin.
3:03 of 3rd period - Shot Misses the Net.
3:38 of 3rd period - Shot by Jason Zucker.
3:38 of 3rd period - Shot Misses the Net.
3:46 of 3rd period - Mathew Dumba is hit by Sebastian Aho and loses puck.
3:55 of 3rd period - Shot by Alex Tuch.
3:55 of 3rd period - Stopped by Mike Smith with a rebound.
4:56 of 3rd period - Icing by Nick Foligno.
4:57 of 3rd period - Patrice Bergeron wins face-off versus Joel Kellman in SPOKANE KNIGHTS zone.
5:06 of 3rd period - Shot by Patrice Bergeron.
5:06 of 3rd period - Shot Misses the Net.
5:20 of 3rd period - Shot by James van Riemsdyk.
5:20 of 3rd period - Shot Misses the Net.
5:24 of 3rd period - Shot by Kevin Labanc.
5:24 of 3rd period - Shot Hit the Post.
5:41 of 3rd period - Icing by Cale Makar.
5:42 of 3rd period - Roope Hintz wins face-off versus Patrice Bergeron in SPOKANE KNIGHTS zone.
5:53 of 3rd period - Shot by Jason Zucker.
5:53 of 3rd period - Stopped by Mike Smith without a rebound.
5:54 of 3rd period - Gaetan Haas wins face-off versus Jack Eichel in SPOKANE KNIGHTS zone.
5:54 of 3rd period - Gaetan Haas is hit by Brady Tkachuk.
6:41 of 3rd period - Patrick Kane is hit by Miro Heiskanen and loses puck.
6:58 of 3rd period - Shot by Patrick Kane.
6:58 of 3rd period - Stopped by Ilya Samsonov without a rebound.
6:59 of 3rd period - Roope Hintz wins face-off versus Gaetan Haas in BANFF WOLVES zone.
6:59 of 3rd period - Roope Hintz is hit by Garnet Hathaway.
7:25 of 3rd period - Off-side.
7:26 of 3rd period - Patrice Bergeron wins face-off versus Joel Kellman in neutral zone.
7:41 of 3rd period - James van Riemsdyk is hit by Cale Makar and loses puck.
7:50 of 3rd period - Shot by Blake Wheeler.
7:50 of 3rd period - Shot Misses the Net.
8:00 of 3rd period - Shot by Patrice Bergeron.
8:00 of 3rd period - Stopped by Ilya Samsonov with a rebound.
8:02 of 3rd period - Shot by Nick Foligno.
8:02 of 3rd period - Deflect By Patrice Bergeron.
8:02 of 3rd period - Shot Blocked by Josh Teves.
8:39 of 3rd period - Minor Penalty to Jamie Oleksiak for High sticking.
8:40 of 3rd period - Roope Hintz wins face-off versus Sebastian Aho in BANFF WOLVES zone.
8:59 of 3rd period - Shot by Patrick Kane.
8:59 of 3rd period - Stopped by Ilya Samsonov without a rebound.
9:00 of 3rd period - Justin Abdelkader wins face-off versus Roope Hintz in BANFF WOLVES zone.
9:23 of 3rd period - Shot by Cale Makar.
9:23 of 3rd period - Stopped by Ilya Samsonov without a rebound.
9:24 of 3rd period - Sebastian Aho wins face-off versus Jack Eichel in BANFF WOLVES zone.
9:37 of 3rd period - Shot by Sebastian Aho.
9:37 of 3rd period - Stopped by Ilya Samsonov without a rebound.
9:38 of 3rd period - Roope Hintz wins face-off versus Sebastian Aho in BANFF WOLVES zone.
9:38 of 3rd period - Roope Hintz is hit by Matthew Tkachuk.
9:56 of 3rd period - Shot by Victor Hedman.
9:56 of 3rd period - Shot Blocked by Mathew Dumba.
9:58 of 3rd period - Shot by Cale Makar.
9:58 of 3rd period - Stopped by Ilya Samsonov without a rebound.
9:59 of 3rd period - Roope Hintz wins face-off versus Nick Foligno in BANFF WOLVES zone.
10:08 of 3rd period - Shot by Blake Wheeler.
10:08 of 3rd period - Stopped by Ilya Samsonov without a rebound.
10:09 of 3rd period - Patrice Bergeron wins face-off versus Roope Hintz in BANFF WOLVES zone.
10:24 of 3rd period - Shot by Nick Foligno.
10:24 of 3rd period - Stopped by Ilya Samsonov without a rebound.
10:25 of 3rd period - Jack Eichel wins face-off versus Sebastian Aho in BANFF WOLVES zone.
10:46 of 3rd period - Shot by Kevin Labanc.
10:46 of 3rd period - Stopped by Mike Smith without a rebound.
10:47 of 3rd period - Jack Eichel wins face-off versus Sebastian Aho in SPOKANE KNIGHTS zone.
11:00 of 3rd period - Shot by Jack Eichel.
11:00 of 3rd period - Shot Misses the Net.
11:25 of 3rd period - Shot by Brady Tkachuk.
11:25 of 3rd period - Stopped by Mike Smith without a rebound.
11:26 of 3rd period - Patrice Bergeron wins face-off versus Joel Kellman in SPOKANE KNIGHTS zone.
11:48 of 3rd period - Shot by Blake Wheeler.
11:48 of 3rd period - The goal is going for a video replay.
11:48 of 3rd period - The goal is good.
11:48 of 3rd period - Goal by Blake Wheeler - SPOKANE KNIGHTS : 1 - BANFF WOLVES : 3.
11:49 of 3rd period - Roope Hintz wins face-off versus Gaetan Haas in neutral zone.
11:52 of 3rd period - Shot by Jason Zucker.
11:52 of 3rd period - Stopped by Mike Smith with a rebound.
12:12 of 3rd period - Shot by Gaetan Haas.
12:12 of 3rd period - Shot Misses the Net.
12:28 of 3rd period - Icing by Victor Hedman.
12:29 of 3rd period - Gaetan Haas wins face-off versus Jack Eichel in SPOKANE KNIGHTS zone.
12:29 of 3rd period - Gaetan Haas is hit by Brady Tkachuk.
12:52 of 3rd period - Shot by Valeri Nichushkin.
12:52 of 3rd period - Deflect By Patrick Kane.
12:52 of 3rd period - Shot Blocked by Miro Heiskanen.
13:04 of 3rd period - Shot by Patrick Kane.
13:04 of 3rd period - Stopped by Ilya Samsonov with a rebound.
14:33 of 3rd period - Icing by Victor Hedman.
14:34 of 3rd period - Alex Tuch wins face-off versus Garnet Hathaway in SPOKANE KNIGHTS zone.
14:51 of 3rd period - Shot by Alex Tuch.
14:51 of 3rd period - Stopped by Mike Smith without a rebound.
14:52 of 3rd period - Sebastian Aho wins face-off versus James Neal in SPOKANE KNIGHTS zone.
14:52 of 3rd period - Sebastian Aho is hit by Mike Ferland.
15:31 of 3rd period - Patrick Kane is hit by James Neal and loses puck.
16:11 of 3rd period - Shot by Patrice Bergeron.
16:11 of 3rd period - Shot Blocked by Jamie Oleksiak.
16:43 of 3rd period - Icing by Trevor van Riemsdyk.
16:44 of 3rd period - Roope Hintz wins face-off versus Gaetan Haas in BANFF WOLVES zone.
16:44 of 3rd period - Roope Hintz is hit by Justin Abdelkader.
17:20 of 3rd period - Jack Eichel is hit by Justin Abdelkader.
17:44 of 3rd period - Icing by Jack Eichel.
17:45 of 3rd period - Patrice Bergeron wins face-off versus Jack Eichel in BANFF WOLVES zone.
17:50 of 3rd period - Shot by Blake Wheeler.
17:50 of 3rd period - Stopped by Ilya Samsonov without a rebound.
17:51 of 3rd period - Joel Kellman wins face-off versus Sebastian Aho in BANFF WOLVES zone.
17:58 of 3rd period - Shot by Patrick Kane.
17:58 of 3rd period - Stopped by Ilya Samsonov without a rebound.
17:59 of 3rd period - Joel Kellman wins face-off versus Sebastian Aho in BANFF WOLVES zone.
18:19 of 3rd period - Icing by Nick Foligno.
18:20 of 3rd period - Sebastian Aho wins face-off versus Roope Hintz in SPOKANE KNIGHTS zone.
18:22 of 3rd period - Icing by Patrick Kane.
18:23 of 3rd period - Roope Hintz wins face-off versus Sebastian Aho in SPOKANE KNIGHTS zone.
18:30 of 3rd period - Shot by Roope Hintz.
18:30 of 3rd period - Stopped by Mike Smith without a rebound.
18:31 of 3rd period - Patrice Bergeron wins face-off versus Roope Hintz in SPOKANE KNIGHTS zone.
18:44 of 3rd period - Shot by Roope Hintz.
18:44 of 3rd period - Deflect By Jason Zucker.
18:44 of 3rd period - Shot Blocked by Jared Spurgeon.
18:46 of 3rd period - Shot by Mathew Dumba.
18:46 of 3rd period - Shot Misses the Net.
18:48 of 3rd period - Shot by Miro Heiskanen.
18:48 of 3rd period - Stopped by Mike Smith with a rebound.
18:50 of 3rd period - Shot by Roope Hintz.
18:50 of 3rd period - Shot Misses the Net.
18:52 of 3rd period - Shot by Miro Heiskanen.
18:52 of 3rd period - Stopped by Mike Smith without a rebound.
18:53 of 3rd period - Sebastian Aho wins face-off versus James van Riemsdyk in SPOKANE KNIGHTS zone.
19:00 of 3rd period - Off-side.
19:01 of 3rd period - Jack Eichel wins face-off versus Patrice Bergeron in neutral zone.
19:10 of 3rd period - Shot by Brady Tkachuk.
19:10 of 3rd period - Stopped by Mike Smith with a rebound.
19:42 of 3rd period - Shot by Blake Wheeler.
19:42 of 3rd period - Stopped by Ilya Samsonov without a rebound.
19:43 of 3rd period - Sebastian Aho wins face-off versus Roope Hintz in BANFF WOLVES zone.
Goals for this period are 1 for SPOKANE KNIGHTS vs 0 for BANFF WOLVES.
Shots for this period are 14 for SPOKANE KNIGHTS vs 12 for BANFF WOLVES.


SEBASTIAN
AHO
MARK
SCHEIFELE
JAKE
OETTINGER

EAST COAST

HOCKEY LEAGUE

  • 17.QUE3CHI2
  • 18.CHA2LIM4
  • 19.TRV3LON2
  • 20.CHW1BAL2
  • 21.PITMAN
  • 22.ATLNHW
  • 23.WORPET
  • 24.RHI